 Dungeon Crawl Stone Soup version 0.24-a0-347-g1a3e1d35ff (webtiles) character file.

Game seed: 1152932526589234812

54133 Inarius the Severer (level 14, -2/88 HPs)
             Began as a Gargoyle Chaos Knight on May 22, 2019.
             Was a Plaything of Xom.
             Slain by Saint Roka the juggernaut (48 damage)
             ... on level 2 of the Orcish Mines.
             The game lasted 00:40:59 (18419 turns).

Inarius the Severer (Gargoyle Chaos Knight)        Turns: 18419, Time: 00:41:00

Health: -2/88      AC: 27    Str: 20 (21) XL:     14   Next: 71%
Magic:  29/29      EV:  8    Int: 13      God:    Xom [....*.]
Gold:   1239       SH:  8    Dex:  5 (7)  Spells: 13/13 levels left

rFire    + . .     SeeInvis +   A - +8 broad axe (drain)
rCold    + . .     Gourm    .   L - +0 shield
rNeg     + + .     Faith    .   v - +4 scale mail of Guabunnog {rC+}
rPois    ∞         Spirit   .   b - +0 hat {SInv}
rElec    +         Reflect  .   p - +0 cloak
rCorr    .         Harm     .   x - +1 pair of gloves
MR       +....     Clarity  +   B - +1 pair of boots {run}
Stlth    ..........             H - amulet of the acrobat
HPRegen  0.24/turn              F - ring of positive energy
MPRegen  0.21/turn              N - ring of Amorality {rF+ MP+9}

@: about to teleport, flying, very slightly contaminated, invisible, quick
A: big wings, yellow scales 1, clarity, clumsy 1, deformed body, deterioration
1, negative energy resistance 1, electricity resistance, unbreathing,
petrification resistance, rot immunity, AC +10
a: Stop Flying, Renounce Religion


You were on level 2 of the Orcish Mines.
You worshipped Xom.
You were a beloved toy of Xom.
You were not hungry.

You visited 3 branches of the dungeon, and saw 19 of its levels.

You collected 2235 gold pieces.
You spent 996 gold pieces at shops.

Inventory:

Hand Weapons
 A - a +8 broad axe of draining (weapon)
Missiles
 q - a throwing net (quivered)
Armour
 b - a +0 hat of see invisible (worn)
 p - a +0 cloak (worn)
 v - the +4 scale mail of Guabunnog (worn) {rC+}
   (You found it on level 4 of the Dungeon)

   It protects you from cold.
 x - a +1 pair of gloves (worn)
 B - a +1 pair of boots of running (worn)
 L - a +0 shield (worn)
Jewellery
 t - an uncursed ring of protection from cold
 F - a ring of positive energy (left hand)
 H - an amulet of the acrobat (around neck)
 N - the ring of Amorality (right hand) {rF+ MP+9}
   (You found it on level 6 of the Lair of Beasts)

   [ring of magical power]

   It protects you from fire.
   It affects your magic capacity (+9).
Wands
 k - a wand of paralysis (4)
 D - a wand of digging (8)
 J - a wand of flame (15)
Scrolls
 d - 2 scrolls of immolation
 g - 3 scrolls of remove curse
 h - a scroll of amnesia
 j - 3 scrolls of enchant armour
 m - 4 scrolls of identify
 r - 4 scrolls of noise
 s - 6 scrolls of teleportation
 z - 3 scrolls of fog
 G - a scroll of enchant weapon
 I - 2 scrolls of magic mapping
Potions
 e - 6 potions of heal wounds
 f - 7 potions of curing
 i - 2 potions of cancellation
 l - 2 potions of lignification
 n - 3 potions of agility
 u - 2 potions of resistance
 w - 3 potions of ambrosia
 C - a potion of mutation
 E - a potion of magic
Miscellaneous
 M - a phantom mirror
Comestibles
 c - 42 rations
 o - 13 chunks of flesh


   Skills:
 * Level 10.9 Fighting
 * Level 17.1 Axes
   Level 1.0(12.5) Maces & Flails
 + Level 8.6 Armour
 + Level 4.8 Dodging
 - Level 0.5 Stealth
 + Level 2.6 Shields
 * Level 8.3 Evocations


You had 13 spell levels left.
You didn't know any spells.
Your spell library contained the following spells:

 Spells                   Type           Power        Failure   Level  Hunger
 Sandblast                Erth           #.....       98%         1    ##.....
 Sting                    Conj/Pois      #...         98%         1    ##.....
 Summon Butterflies       Summ           #.......     98%         1    ##.....
 Passwall                 Tmut/Erth      #.......     99%         2    ###....
 Poisonous Vapours        Pois/Air       #.....       99%         2    ###....
 Call Canine Familiar     Summ           #.......     100%        3    ####...
 Mephitic Cloud           Conj/Pois/Air  #.......     100%        3    ####...
 Static Discharge         Conj/Air       #.......     100%        3    ####...
 Stone Arrow              Conj/Erth      #.....       100%        3    ####...
 Olgreb's Toxic Radiance  Pois           #.......     100%        4    #####..
 Petrify                  Tmut/Erth      #.......     100%        4    #####..
 Summon Ice Beast         Ice/Summ       #.......     100%        4    #####..
 Bolt of Magma            Conj/Fire/Erth #.........   100%        5    ######.
 Iskenderun's Battlesphe  Conj/Chrm      #.......     100%        5    ######.
 Lee's Rapid Deconstruct  Erth           #.........   100%        5    ######.
 Lightning Bolt           Conj/Air       #.........   100%        5    ######.
 Summon Mana Viper        Hex/Summ       #.......     100%        5    ######.
 Venom Bolt               Conj/Pois      #.........   100%        5    ######.
 Iron Shot                Conj/Erth      #.........   100%        6    #######
 Orb of Destruction       Conj           #.........   100%        7    #######
 Spellforged Servitor     Conj/Summ      #.........   100%        7    #######
 Summon Hydra             Summ           #.........   100%        7    #######
 Ignition                 Fire           #.........   100%        8    #######
 Shatter                  Erth           #.........   100%        9    #######
 Tornado                  Air            #.........   100%        9    #######


Dungeon Overview and Level Annotations

Branches:
Dungeon (11/15)            Temple (0/1) D:6            Lair (6/6) D:10
  Swamp (0/4) Lair:4        Snake (0/4) Lair:2          Orc (2/2) D:10
    Elf (0/3) Orc:2
  Slime: Lair:5-6

Altars:
Dithmenos
Elyvilon
Gozag
Hepliaklqana
Kikubaaqudgha
Makhleb
Okawaru
Trog
Wu Jian
Xom
Zin
Beogh

Shops:
D:5 *   D:8 *   D:10 ?   Orc:2 (([(

Annotations:
D:8 1 runed translucent door
Lair:5 exclusion: oklob plant
Orc:2 Saint Roka


Innate Abilities, Weirdness & Mutations

You are resistant to torment.
Your stone body is resilient. (AC +10)
You are immune to poison.
Your large and strong wings let you fly indefinitely.
You resist negative energy. (rN+)
You are resistant to electric shocks. (rElec)
You can survive without breathing.
You are immune to petrification.
You are immune to rotting.
You are partially covered in yellow scales. (AC +2)
You possess an exceptional clarity of mind.
You are clumsy. (Dex -2)
Armour fits poorly on your strangely shaped body.
Your body sometimes deteriorates upon taking damage.


Message History

The orc warrior shouts!
Saint Roka hits you!!
You emit a cloud of colourful smoke!
Saint Roka hits you.
You completely miss the orc warrior.
The orc warrior is severely wounded.
Your shield and scale mail of Guabunnog prevent you from hitting Saint Roka.
The orc warrior hits you but does no damage.
Unknown command.
You slash the orc warrior!
You kill the orc warrior!
You hit Saint Roka. You drain Saint Roka.
Unknown command.
You barely miss Saint Roka.
Saint Roka is lightly wounded.
As you read the scroll of teleportation, it crumbles to dust.
You feel strangely unstable. Saint Roka hits you!!!
Ouch! That really hurt!
You die...
Xom chuckles heartily!

....#......##.∩.##..# #.....
...#......##.....##.# ###)....
..........#..._...#.# ###.......
...##...(.#...8...#.# ##.........
..........#.......#.# #....).)...
.........)##..)..##.# #...##.)..#
.........)(##)o)##!####..#.##....
.........)..##§##..# #........)..
..........#...§C@.## ##....##))).
.#####.....#..°#### ###.###.)..
.#o_o#...^....## ### ##.#.
.#..o#....#..#### ##..
.#...#.......##.## ### ####...
.##+##...........# ##.####.#....
.................####...##.......
...................###.###..#.###
....................##.##...### #


You could see Saint Roka the juggernaut.

Vanquished Creatures
  Gastronok (Lair:1)
  5 hydras
  4 catoblepae (Lair:6)
  2 two-headed ogres
  11 death yaks
  2 orc high priests (Orc:2)
  Pikel (D:5)
  3 orc sorcerers
  An oklob plant (Lair:3)
  2 orc knights (Orc:2)
  8 elephants
  2 ugly things (D:11)
  2 cyclopes
  A manticore (Lair:6)
  4 black mambas
  8 spiny frogs
  2 torpor snails (Lair:6)
  4 rime drakes
  4 komodo dragons
  A troll (D:11)
  A queen bee (Orc:1)
  A harpy skeleton (D:11)
  Grinder (D:3)
  11 hippogriffs
  2 bog bodies (Lair:4)
  8 dream sheep (Lair:6)
  7 blink frogs
  A wraith (D:11)
  A redback (Lair:6)
  2 wyverns
  27 yaks
  3 humans
  4 basilisks
  A steam dragon (Lair:3)
  4 wargs
  Menkaure (D:5)
  2 swamp worms (Lair:4)
  A soldier ant (D:11)
  12 water moccasins
  6 porcupines
  3 sky beasts
  3 ice beasts
  25 orc warriors
  2 black bears
  A phantom (D:4)
  6 centaurs
  6 ogres
  4 crocodiles
  10 bullfrogs
  A wyvern skeleton (D:11)
  5 scorpions
  37 killer bees
  4 electric eels
  2 howler monkeys
  4 crimson imps
  A centaur zombie (D:8)
  3 bullfrog zombies
  4 hounds
  4 jellies
  22 orc priests
  3 centaur skeletons
  3 bullfrog skeletons
  4 iguanas
  6 worker ants
  Natasha (D:4)
  21 orc wizards
  A hound zombie (D:9)
  A hound skeleton (D:10)
  2 worker ant zombies
  10 adders
  9 gnolls
  5 shadow imps
  6 oozes
  An adder skeleton (D:4)
  An adder zombie (D:6)
  A worm (D:2)
  A dart slug (D:1)
  4 leopard geckos
  96 orcs
  9 bats
  9 giant cockroaches
  6 goblins
  15 hobgoblins
  3 jackals (D:3)
  4 quokkas
  6 frilled lizards
  2 kobolds
  2 leopard gecko skeletons
  A quokka skeleton (D:4)
  6 rats
  3 fungi
  5 plants
558 creatures vanquished.

Vanquished Creatures (collateral kills)
  An ice beast (D:8)
  2 orc warriors (Orc:1)
  A bullfrog (D:6)
  An orc priest (Orc:1)
  An orc wizard (Orc:1)
  An adder (D:4)
  A leopard gecko (D:1)
  An orc (D:6)
  A giant cockroach (D:6)
10 creatures vanquished.

Vanquished Creatures (others)
  A centaur (D:10)
  A gnoll (D:10)
  A shadow imp (D:5)
  4 fungi
  6 plants
13 creatures vanquished.

Grand Total: 581 creatures vanquished

Notes
Turn   | Place    | Note
-------+----------+-------------------------------------------
     0 | D:1      | Inarius the Gargoyle Chaos Knight began the quest for the
                  | Orb.
     0 | D:1      | Reached XP level 1. HP: 14/14 MP: 1/1
    21 | D:1      | Reached skill level 3 in Axes
    25 | D:1      | Reached skill level 1 in Dodging
    29 | D:1      | Reached XP level 2. HP: 19/19 MP: 2/2
   119 | D:1      | XOM: divination: detect items
   185 | D:1      | XOM: divination: detect creatures
   218 | D:1      | XOM: mild Ice miscast
   261 | D:1      | XOM: silly message
   322 | D:1      | XOM: divination: detect items
   369 | D:1      | Noticed a killer bee
   369 | D:1      | a gnoll changed into a killer bee
   374 | D:1      | XOM: confuse monster(s)
   377 | D:1      | Reached XP level 3. HP: 10/23 MP: 3/3
   381 | D:1      | Killed a killer bee
   381 | D:1      | Reached XP level 4. HP: 16/28 MP: 4/4
   494 | D:1      | XOM: divination: magic mapping
   566 | D:1      | XOM: harmless Erth miscast
   727 | D:1      | XOM: harmless Fire miscast
   798 | D:1      | Reached skill level 4 in Axes
  1209 | D:2      | Found a shadowy altar of Dithmenos.
  1284 | D:2      | Found a bloodstained altar of Trog.
  1506 | D:2      | Found a hazy altar of Hepliaklqana.
  1671 | D:2      | Reached XP level 5. HP: 33/33 MP: 5/5
  1803 | D:3      | Found a burning altar of Makhleb.
  1833 | D:3      | Noticed Grinder
  2036 | D:3      | XOM: harmless Tloc miscast
  2215 | D:4      | XOM: confuse monster(s)
  2260 | D:4      | XOM: mild Summ miscast
  2261 | D:4      | Noticed a spatial vortex
  2265 | D:3      | XOM: mild Hex miscast
  2266 | D:3      | XOM: cast spell 'Olgreb's Toxic Radiance'
  2273 | D:3      | Reached skill level 5 in Axes
  2273 | D:3      | Reached XP level 6. HP: 28/38 MP: 6/6
  2353 | D:3      | Paralysed by Grinder for 2 turns
  2365 | D:3      | Killed Grinder
  2365 | D:3      | Reached XP level 7. HP: 40/43 MP: 7/7
  2467 | D:4      | Reached skill level 6 in Axes
  2497 | D:4      | XOM: confuse monster(s)
  2570 | D:4      | Identified the +4 scale mail of Guabunnog {rC+} (You found
                  | it on level 4 of the Dungeon)
  2651 | D:4      | XOM: divination: detect items
  2760 | D:4      | Noticed Natasha
  2763 | D:4      | XOM: cast spell 'Summon Small Mammal'
  2774 | D:4      | Killed Natasha
  2774 | D:4      | Reached skill level 7 in Axes
  2928 | D:4      | XOM: harmless Hex miscast
  2929 | D:4      | Found an opulent altar of Gozag.
  3086 | D:5      | Entered Level 5 of the Dungeon
  3243 | D:5      | XOM: mild Air miscast
  3259 | D:5      | Reached XP level 8. HP: 43/48 MP: 8/8
  3332 | D:5      | XOM: confuse monster(s)
  3443 | D:5      | XOM: divination: magic mapping
  3451 | D:5      | Reached skill level 8 in Axes
  3455 | D:5      | Noticed Menkaure
  3467 | D:5      | Killed Menkaure
  3467 | D:5      | Reached skill level 1 in Evocations
  3707 | D:5      | Noticed Pikel
  3717 | D:5      | XOM: summons friendly crimson imp
  3727 | D:5      | XOM: summons friendly white imp
  3734 | D:5      | Killed Pikel
  3734 | D:5      | Reached skill level 5 in Fighting
  3734 | D:5      | Reached skill level 9 in Axes
  3734 | D:5      | Reached XP level 9. HP: 42/54 MP: 8/10
  3779 | D:5      | Found Homp's Assorted Antiques.
  3787 | D:5      | Bought a glowing broad axe for 203 gold pieces
  3788 | D:5      | Bought a scroll of identify for 58 gold pieces
  3872 | D:5      | XOM: harmless Pois miscast
  3891 | D:5      | XOM: divination: detect creatures
  4263 | D:6      | Found a staircase to the Ecumenical Temple.
  4339 | D:6      | Identified a +1 pair of boots of running (You found it on
                  | level 6 of the Dungeon)
  4405 | D:6      | You fall into a shaft and drop 3 floors!
  4498 | D:8      | XOM: summons 5 friendly demons
  4506 | D:8      | XOM: cloud trail
  4513 | D:8      | Identified the +4 leather armour "Zotoxt" {rF+ Str+2}
  4688 | D:7      | Found an iron altar of Okawaru.
  4694 | D:7      | XOM: cast spell 'Summon Butterflies'
  4697 | D:7      | Reached skill level 10 in Axes
  4926 | D:7      | Found a white marble altar of Elyvilon.
  4990 | D:7      | XOM: harmless Erth miscast
  5052 | D:7      | Found a glowing silver altar of Zin.
  5307 | D:8      | Found Kireap's Assorted Antiques.
  5319 | D:8      | Bought a scroll labeled OTAATAVV HALA for 34 gold pieces
  5319 | D:8      | Bought a scroll labeled OTAATAVV HALA for 34 gold pieces
  5319 | D:8      | Bought a scroll labeled UFETRU WITIE for 34 gold pieces
  5319 | D:8      | Bought a scroll of identify for 68 gold pieces
  5389 | D:8      | XOM: cloud trail
  5510 | D:8      | Reached XP level 10. HP: 53/60 MP: 12/12
  5729 | D:8      | Found a runed translucent door.
  5729 | D:8      | Found a glowing silver altar of Zin.
  5729 | D:8      | Noticed an angel
  5863 | D:9      | XOM: cleaving
  5865 | D:9      | XOM: potion effect (berserk rage)
  5869 | D:9      | Reached skill level 11 in Axes
  5869 | D:9      | Reached skill level 5 in Armour
  5942 | D:9      | XOM: 1-stop teleportation journey
  6283 | D:9      | Found an ornate altar of the Wu Jian Council.
  6521 | D:10     | Entered Level 10 of the Dungeon
  6553 | D:10     | Reached skill level 12 in Axes
  6557 | D:10     | Noticed a two-headed ogre
  6566 | D:10     | Found a staircase to the Orcish Mines.
  6566 | D:10     | Found a staircase to the Lair.
  6566 | D:10     | XOM: 3-stop teleportation journey
  6690 | D:10     | XOM: divine lightning
  6701 | D:10     | XOM: noise
  6704 | D:10     | Killed a two-headed ogre
  6704 | D:10     | Reached XP level 11. HP: 45/66 MP: 12/14
  6965 | D:10     | XOM: give mutations
  6965 | D:10     | Gained mutation: Your body sometimes deteriorates upon
                  | taking damage. [Xom's mischief]
  6965 | D:10     | Gained mutation: You are clumsy. (Dex -2) [Xom's mischief]
  6965 | D:10     | Gained mutation: You are partially covered in yellow
                  | scales. (AC +2) [Xom's mischief]
  7008 | D:10     | Found Hiasmij's Magic Scroll Boutique.
  7015 | D:10     | Bought a scroll of identify for 28 gold pieces
  7015 | D:10     | Bought a scroll of identify for 28 gold pieces
  7015 | D:10     | Bought a scroll of identify for 28 gold pieces
  7166 | D:11     | Noticed a white ugly thing
  7173 | D:11     | Killed a white ugly thing
  7201 | D:11     | XOM: mild Chrm miscast
  7382 | D:11     | Noticed a purple ugly thing
  7404 | D:11     | Killed a purple ugly thing
  7535 | D:11     | Noticed a cyclops
  7559 | D:11     | Killed a cyclops
  7559 | D:11     | Reached skill level 13 in Axes
  7764 | D:11     | Noticed a two-headed ogre
  7765 | D:11     | XOM: enchant monster (good)
  7769 | D:11     | Killed a two-headed ogre
  7769 | D:11     | Reached skill level 5 in Evocations
  8052 | Lair:1   | Entered Level 1 of the Lair of Beasts
  8133 | Lair:1   | XOM: god gift: twisted glowing staff {god gift}
  8228 | Lair:1   | XOM: cleaving
  8231 | Lair:1   | Noticed Gastronok
  8235 | Lair:1   | XOM: fog
  8243 | Lair:1   | XOM: potion effect (might)
  8246 | Lair:1   | Killed Gastronok
  8246 | Lair:1   | Reached XP level 12. HP: 62/72 MP: 14/16
  8314 | Lair:1   | XOM: harmless Chrm miscast
  8336 | Lair:1   | You fall into a shaft and drop 1 floor!
  8336 | Lair:2   | Found a staircase to the Snake Pit.
  8462 | Lair:2   | Reached skill level 14 in Axes
  8678 | Lair:2   | Found an ancient bone altar of Kikubaaqudgha.
  8795 | Lair:1   | XOM: harmless Pois miscast
  8857 | Lair:1   | XOM: enchant monster (bad)
  8859 | Lair:1   | XOM: smoke on damage
  8861 | Lair:1   | XOM: confuse monster(s)
  8874 | Lair:1   | XOM: noise
  8989 | Lair:1   | XOM: divination: detect items
  9296 | Lair:2   | Noticed a death yak
  9300 | Lair:2   | Noticed a death yak
  9305 | Lair:2   | XOM: confuse monster(s)
  9305 | Lair:2   | Noticed a death yak
  9306 | Lair:2   | Noticed a death yak
  9311 | Lair:2   | Killed a death yak
  9314 | Lair:2   | XOM: confuse monster(s)
  9315 | Lair:2   | Killed a death yak
  9316 | Lair:2   | XOM: cleaving
  9318 | Lair:2   | Killed a death yak
  9319 | Lair:2   | Killed a death yak
  9418 | Lair:2   | XOM: divination: detect items
  9530 | Lair:2   | XOM: cleaving
 10087 | Lair:3   | Reached skill level 15 in Axes
 10350 | Lair:3   | XOM: divination: magic mapping
 10351 | Lair:3   | XOM: enchant monster (bad)
 10784 | Lair:3   | XOM: polymorph bullfrog -> steam dragon
 11082 | Lair:4   | XOM: summons 11 friendly demons
 11125 | Lair:4   | Reached XP level 13. HP: 77/78 MP: 17/17
 11387 | Lair:4   | XOM: summons friendly ufetubus
 11398 | Lair:4   | XOM: enchant monster (good)
 11552 | Lair:4   | XOM is BORED!
 11552 | Lair:4   | XOM: noise
 11614 | Lair:4   | Found a staircase to the Swamp.
 11905 | Lair:5   | XOM: mild Pois miscast
 11986 | Lair:5   | XOM: divination: detect creatures
 12001 | Lair:5   | XOM: potion effect (agility)
 12219 | Lair:5   | XOM: confuse monster(s)
 12430 | Lair:5   | XOM is BORED!
 12466 | Lair:5   | XOM: summons friendly quasit
 12471 | Lair:5   | XOM: confuse monster(s)
 12643 | Lair:5   | XOM: give mutations
 12643 | Lair:5   | Gained mutation: You are robust. (+10% HP) [Xom's grace]
 12643 | Lair:5   | Gained mutation: You possess an exceptional clarity of
                  | mind. [Xom's grace]
 12660 | Lair:5   | XOM: silly message
 12664 | Lair:5   | XOM: scenery: create altars
 12804 | Lair:5   | XOM: scenery: create altars
 12810 | Lair:5   | XOM: enchant monster (good)
 12814 | Lair:5   | XOM: confuse monster(s)
 13049 | Lair:5   | XOM: draining
 13120 | Lair:5   | Reached skill level 1 in Maces & Flails
 13120 | Lair:5   | Reached skill level 1 in Shields
 13349 | Lair:6   | Entered Level 6 of the Lair of Beasts
 13361 | Lair:6   | XOM: harmless Pois miscast
 13866 | Lair:6   | XOM: polymorph hippogriff -> redback
 13940 | Lair:6   | Reached skill level 16 in Axes
 13940 | Lair:6   | XOM: harmless Tloc miscast
 14353 | Lair:6   | XOM: blink monster(s)
 14371 | Lair:6   | XOM: harmless Erth miscast
 14377 | Lair:6   | XOM: stat loss: -1 Dex (6/7)
 14394 | Lair:6   | XOM: polymorph yak -> human
 14524 | Lair:5   | XOM: give mutations
 14524 | Lair:5   | Lost mutation: You are robust. (+10% HP) [Xom's mischief]
 14524 | Lair:5   | Gained mutation: Armour fits poorly on your strangely
                  | shaped body. [Xom's mischief]
 14538 | Lair:6   | XOM: harmless Pois miscast
 14732 | Lair:6   | XOM: draining
 14757 | Lair:6   | XOM: noise
 14884 | Lair:6   | Reached skill level 10 in Fighting
 14884 | Lair:6   | Gained mutation: Your large and strong wings let you fly
                  | indefinitely. [Gargoyle growth]
 14884 | Lair:6   | Reached XP level 14. HP: 88/88 MP: 19/19
 14954 | Lair:6   | XOM: noise
 15059 | Lair:6   | XOM: noise
 15145 | Lair:6   | XOM: summons 1 hostile shadow creature
 15184 | Lair:6   | XOM: noise
 15204 | Lair:6   | XOM: cast spell 'Ring of Flames'
 15205 | Lair:6   | XOM: divination: magic mapping
 15209 | Lair:6   | XOM: fog
 15434 | Lair:6   | XOM: summons 7 hostile demons
 15488 | Lair:6   | XOM: cleaving
 15490 | Lair:6   | XOM: summons friendly white imp
 15491 | Lair:6   | XOM: noise
 15495 | Lair:6   | XOM: noise
 15616 | Lair:6   | XOM: silly message
 15749 | Lair:6   | Got a faintly glowing bronze ring
 15755 | Lair:6   | Identified the ring of Amorality {rF+ MP+9} (You found it
                  | on level 6 of the Lair of Beasts)
 15925 | Orc:1    | Entered Level 1 of the Orcish Mines
 16058 | D:10     | Bought a scroll of teleportation for 42 gold pieces
 16058 | D:10     | Bought a scroll of brand weapon for 280 gold pieces
 16058 | D:10     | Bought 2 scrolls of identify for 56 gold pieces
 16229 | Orc:1    | XOM: fake destruction
 16239 | Orc:1    | XOM: harmless Tloc miscast
 16392 | Orc:1    | XOM: noise
 16474 | Orc:2    | Entered Level 2 of the Orcish Mines
 16476 | Orc:2    | XOM: confuse monster(s)
 17008 | Orc:2    | Found a roughly hewn altar of Beogh.
 17009 | Orc:2    | Found Tuaqa's Weapon Emporium.
 17132 | Orc:2    | XOM: confuse monster(s)
 17278 | Orc:2    | Found a roughly hewn altar of Beogh.
 17346 | Orc:2    | Found a roughly hewn altar of Beogh.
 17373 | Orc:2    | XOM: cloud trail
 17411 | Orc:2    | Found a roughly hewn altar of Beogh.
 17411 | Orc:2    | XOM: 2-stop teleportation journey
 17522 | Orc:2    | Noticed Saint Roka
 17554 | Orc:2    | XOM: enchant monster (good)
 17555 | Orc:2    | Reached skill level 17 in Axes
 18012 | Orc:2    | Found Lucof's Antique Armour Shoppe.
 18014 | Orc:2    | Found a roughly hewn altar of Beogh.
 18019 | Orc:2    | Found Hanitau's Antique Weapon Emporium.
 18039 | Orc:2    | Bought a cloak for 103 gold pieces
 18155 | Orc:2    | XOM: mild Summ miscast
 18197 | Orc:2    | Found a roughly hewn altar of Beogh.
 18210 | Orc:2    | Found Koqoyveown's Weapon Shoppe.
 18264 | Orc:2    | XOM: confuse monster(s)
 18269 | Orc:2    | XOM: mild Hex miscast
 18358 | Orc:2    | Found a staircase to the Elven Halls.
 18412 | Orc:2    | XOM: blink monster(s)
 18413 | Orc:2    | Noticed Saint Roka
 18413 | Orc:2    | Saint Roka changed into Saint Roka the juggernaut
 18413 | Orc:2    | XOM: polymorph Saint Roka -> Saint Roka the juggernaut
 18414 | Orc:2    | XOM: smoke on damage
 18419 | Orc:2    | Slain by Saint Roka the juggernaut

Levels and vault maps discovered:
D:1:      erik_arrival_cave_to_civilisation [erik_arrival_cave_to_hall],
          layout_basic
D:2:      layout_rooms, overflow_temple_1_default, old_standard_altar,
          corexii_item_surrounded_by_moat, minmay_misc_feat_chi, bloody_trog
D:3:      layout_rooms, lemuel_crystal_altar, uniq_grinder
D:4:      layout_cave_pools, grunt_gozag_breadcrumbs, guppyfry_early_lair_pool,
          uniq_natasha
D:5:      layout_basic, serial_shops, kennysheep_mini, first_ration,
          minmay_misc_feat_pillars, grunt_decor_resistance, uniq_pikel,
          uniq_menkaure
D:6:      layout_layer_cave, minmay_temple_entry_arrows,
          chequers_serial_rivers_marsh
D:7:      layout_basic, okawaru_humans, elyvilon_altar_3, zin_academy
D:8:      layout_loops_cross, serial_shops, shop,
          hangedman_little_slice_of_home, lemuel_angel_altar
D:9:      layout_irregular_city, lemuel_doored_altar
D:10:     layout_rooms, lair_entry_dummy, orc_0_dummy, serial_shops, shop
D:11:     layout_roguey
Lair:1:   layout_regular_city, uniq_gastronok
Lair:2:   layout_roguey, dummy_snake_entry, basic_altar, hibernation_bobbens,
          serial_bayou_shore_a
Lair:3:   layout_cave_pods, minmay_stone_trees_medium, grunt_megastairs_1,
          minmay_lair_oklob_chamber, infiniplex_staircase_pool
Lair:4:   layout_gridlike, nicolae_swamp_entry_splash_gauntlet,
          serial_bayou_shore_b, grunt_megastairs_4
Lair:5:   layout_small_grid, minmay_slime_entry_oklob_enclosed, serial_forest,
          infiniplex_forest_straight_4, infiniplex_forest_end_2,
          infiniplex_forest_zigzag_2, infiniplex_forest_clump_double,
          infiniplex_forest_clump_large, infiniplex_forest_lined_2,
          infiniplex_forest_clump_small
Lair:6:   evilmike_catoblepas_cave, layout_cave_pods
Orc:1:    layout_caves, special_room [special_room_bee]
Orc:2:    grunt_orc_community_town_hall, layout_caves,
          grunt_orc_community_big_house_1, grunt_orc_community_big_house_1,
          grunt_orc_community_house_2, grunt_orc_community_house_2,
          grunt_orc_community_house_1, grunt_orc_community_house_2,
          grunt_orc_community_house_1

Skill      XL: |  1  2  3  4  5  6  7  8  9 10 11 12 13 14 |
---------------+-------------------------------------------+-----
Axes           | 3 4 5 7 9 10 12 13 15 16 17 | 17.1
Dodging        | 1 2 3 4 |  4.8
Fighting       | 4 5 6 7 8 10 | 10.9
Armour         | 3 4 5 6 7 8 |  8.6
Evocations     | 1 3 4 5 6 7 8 |  8.3
Maces & Flails | 1 |  1.0
Shields        | 1 2 |  2.6
Stealth        | |  0.5

Action                   |  1- 3 |  4- 6 |  7- 9 | 10-12 | 13-15 || total
-------------------------+-------+-------+-------+-------+-------++-------
Melee: Hand axe          |    52 |   174 |   229 |       |       ||   455
       Broad axe         |       |       |   114 |   486 |   652 ||  1252
       Flail             |       |       |       |       |    34 ||    34
 Abil: Fly               |       |       |       |       |     1 ||     1
Evoke: Wand              |       |       |       |     5 |    26 ||    31
  Use: Potion            |     1 |       |     2 |     2 |     2 ||     7
       Scroll            |       |     2 |    17 |     9 |     8 ||    36
 Stab: Paralysed         |     5 |     1 |     1 |     6 |    12 ||    25
       Sleeping          |     1 |       |       |       |       ||     1
       Confused          |     1 |       |       |     3 |     5 ||     9
       Petrifying        |       |       |     3 |       |       ||     3
       Distracted        |       |       |     1 |       |       ||     1
       Petrified         |       |       |       |       |    10 ||    10
       Invisible         |       |       |       |       |     1 ||     1
  Eat: Chunk             |       |     5 |     9 |    18 |    20 ||    52
       Ration            |       |       |       |       |     1 ||     1
Armor: Leather armour    |    21 |    24 |       |       |       ||    45
       Skin              |     3 |       |     2 |       |       ||     5
       Plate armour      |       |   125 |    51 |       |       ||   176
       Chain mail        |       |    21 |       |       |       ||    21
       Scale mail        |       |       |   170 |   280 |   361 ||   811
Dodge: Dodged            |    36 |    72 |   122 |   214 |   219 ||   663
Block: Shield            |       |       |       |       |   204 ||   204

Table legend:
 A = Non-vault XP
 B = Vault XP
 C = Vault XP percentage of total XP
 D = Non-vault monster count
 E = Vault monster count
 F = Vault count percentage of total count
                 A         B        C        D         E       F
            +---------+---------+-------+---------+---------+-------
      Total |   52580 |   24754 |  32.0 |     416 |     145 |  25.8
            +---------+---------+-------+---------+---------+-------
        D:1 |     125 |       0 |   0.0 |      32 |       0 |   0.0
        D:2 |      40 |       0 |   0.0 |      17 |       0 |   0.0
        D:3 |     168 |     272 |  61.8 |      16 |       1 |   5.9
        D:4 |     431 |      74 |  14.7 |      17 |       4 |  19.0
        D:5 |     811 |     810 |  50.0 |      18 |       2 |  10.0
        D:6 |     359 |       0 |   0.0 |      11 |       0 |   0.0
        D:7 |     417 |     333 |  44.4 |      10 |       2 |  16.7
        D:8 |     996 |     162 |  14.0 |      21 |       8 |  27.6
        D:9 |    2793 |       0 |   0.0 |      28 |       0 |   0.0
       D:10 |    2734 |       0 |   0.0 |      36 |       0 |   0.0
       D:11 |    4786 |       0 |   0.0 |      31 |       0 |   0.0
     Lair:1 |    3810 |    1985 |  34.3 |      16 |       1 |   5.9
     Lair:2 |    5780 |     383 |   6.2 |      15 |       1 |   6.2
     Lair:3 |    1513 |    2680 |  63.9 |       8 |      11 |  57.9
     Lair:4 |    4039 |    1360 |  25.2 |      14 |       8 |  36.4
     Lair:5 |    5269 |       0 |   0.0 |      13 |       0 |   0.0
     Lair:6 |   11653 |   10724 |  47.9 |      29 |      22 |  43.1
      Orc:1 |    2017 |    1754 |  46.5 |      35 |      25 |  41.7
      Orc:2 |    4839 |    4217 |  46.6 |      49 |      60 |  55.0
            +---------+---------+-------+---------+---------+-------
